Construct Infanterie Kompanie
Construct Infanterie Kompanie
Selects Mechanized Battlegroup
Construct Luftwaffe Kompanie
Selects Mobile Repair Stations
Marder III M Tank Destroyer
Selects Wespe Self-propelled Artillery
Luftwaffe Officer Quarters
Marder III M Tank Destroyer
Marder III M Tank Destroyer
Selects Zeroing Artillery Barrage
Wespe Self-propelled Artillery
Zeroing Artillery Barrage
Marder III M Tank Destroyer
Selects StuG Assault Group
Marder III M Tank Destroyer
Selects Panther Heavy Tank
Marder III M Tank Destroyer
Zeroing Artillery Barrage